 Dungeon Crawl Stone Soup version 0.30-a0-469-g84de5afbc5 (webtiles) character file.

Game seed: 16437048818754217218

5511 cforsyth the Protected (level 10, -2/96 HPs)
             Began as an Armataur Gladiator on Dec 19, 2022.
             Was a Follower of Okawaru.
             Slain by a yak (6 damage)
             ... on level 9 of the Dungeon.
             The game lasted 00:12:42 (8197 turns).

cforsyth the Protected (Armataur Gladiator)         Turns: 8197, Time: 00:12:42

Health: -2/96      AC: 28    Str: 31    XL:     10   Next: 43%
Magic:  10/10      EV:  7    Int:  8    God:    Okawaru [*.....]
Gold:   721        SH:  0    Dex: 11    Spells: 9/9 levels left

rFire   . . .      SeeInvis .    g - +2 flail (protect)
rCold   . . .      Faith    .    (no shield)
rNeg    . . .      Spirit   .    a - +0 plate armour
rPois   +          Reflect  .    c - +0 helmet
rElec   .          Harm     .    F - +2 cloak {rPois}
rCorr   .          Roll     +    (no gloves)
Will    .....                    (no barding)
Stlth   ..........               B - amulet of the acrobat
HPRegen 0.36/turn                t - +4 ring of protection
MPRegen 0.12/turn                q - +6 ring of strength

@: under a protective aura
A: large, rugged brown scales 3, deformed body, armoured tail, roll, long
tongue, awkward tongue
a: Renounce Religion, Heroism


You were on level 9 of the Dungeon.
You worshipped Okawaru.
Okawaru was aware of your devotion.
You visited 2 branches of the dungeon, and saw 11 of its levels.

You collected 721 gold pieces.

Inventory:

Hand Weapons
 g - a +2 flail of protection (weapon)
 E - a +2 flail of venom
Missiles
 d - 6 throwing nets (quivered)
 e - a javelin
Armour
 a - a +0 plate armour (worn)
 c - a +0 helmet (worn)
 F - a +2 cloak of poison resistance (worn)
Jewellery
 q - a +6 ring of strength (right hand)
 t - a +4 ring of protection (left hand)
 z - an amulet of regeneration
 B - an amulet of the acrobat (around neck)
 J - an amulet of faith
 O - a ring of willpower
Wands
 r - a wand of paralysis (10)
 x - a wand of flame (32)
 K - a wand of light (8)
Scrolls
 b - a scroll of enchant armour
 k - 4 scrolls of teleportation
 l - a scroll of torment {unknown}
 o - 3 scrolls of immolation {unknown}
 p - a scroll of silence {unknown}
 u - 2 scrolls of blinking {unknown}
 v - a scroll of noise {unknown}
 w - 2 scrolls of enchant weapon {unknown}
 y - 2 scrolls of acquirement {unknown}
 A - 2 scrolls of fear
 C - 3 scrolls of amnesia {unknown}
 H - a scroll of brand weapon {unknown}
 I - 2 scrolls of fog {unknown}
 L - 2 scrolls of vulnerability {unknown}
 M - a scroll of magic mapping {unknown}
 N - a scroll of identify
Potions
 f - a potion of mutation
 h - a potion of invisibility
 i - 3 potions of might
 j - 5 potions of lignification
 m - 7 potions of heal wounds
 n - a potion of brilliance
 s - 3 potions of curing
 D - a potion of haste
 G - 2 potions of attraction


   Skills:
 + Level 8.5 Fighting
 + Level 8.8 Maces & Flails
 - Level 1.7 Throwing
 + Level 10.7 Armour
 - Level 2.1 Dodging


You had 9 spell levels left.
You didn't know any spells.
Your spell library contained the following spells:

 Spells                   Type           Power      Damage    Failure   Level
 Ensorcelled Hibernation  Hex/Ice        0%         N/A       99%         2
 Ignite Poison            Fire/Tmut/Pois 0%         N/A       100%        3
 Kindle Blastsparks       Fire/Tloc/Air  0%         2d10      100%        3
 Ozocubu's Armour         Ice            0%         N/A       100%        3
 Portal Projectile        Hex/Tloc       0%         N/A       100%        3
 Spider Form              Tmut/Pois      0%         N/A       100%        3
 Stone Arrow              Conj/Erth      0%         3d7       100%        3
 Vhi's Electric Charge    Tloc/Air       0%         N/A       100%        3
 Anguish                  Hex/Necr       0%         N/A       100%        4
 Leda's Liquefaction      Hex/Erth       0%         N/A       100%        4
 Arcjolt                  Conj/Air       0%         1d10      100%        5
 Freezing Cloud           Conj/Ice/Air   0%         6-21      100%        5
 Ozocubu's Refrigeration  Ice            0%         4d7       100%        7
 Lehudib's Crystal Spear  Conj/Erth      0%         10d2      100%        8
 Maxwell's Capacitive Co  Air            0%         ∞         100%        8
 Call Canine Familiar     Summ           Unusable   N/A       N/A         3
 Animate Armour           Summ/Erth      Unusable   N/A       N/A         4

Dungeon Overview and Level Annotations

Branches:
Dungeon (10/15)            Temple (1/1) D:7            Lair (0/5) D:10
    Orc: D:9-12

Altars:
Cheibriados
Hepliaklqana
Kikubaaqudgha
Makhleb
Nemelex Xobeh
Okawaru
Sif Muna
Trog
Uskayaw
Yredelemnul
Zin

Annotations:
D:4 3 runed translucent doors, Zonian's ghost, amateur DjIE


Innate Abilities, Weirdness & Mutations

You are completely covered in rugged brown scales. (AC +3, +7% HP)
Armour fits poorly on your strangely shaped body.
You have a long armoured tail.
You roll when moving toward enemies. (Rampage)
Your long tongue fully drains potion bottles. (2x potion effects)
Your tongue gives you trouble enunciating. (1.5x scroll delay)


Message History

* * * LOW HITPOINT WARNING * * *
You thump the yak!
You kill the yak!
Okawaru accepts your kill.
The yak gores you but does no damage. x2
You bludgeon the yak!!
The yak is heavily wounded.
The yak gores you.
* * * LOW HITPOINT WARNING * * *
The yak gores you but does no damage.
You thump the yak! You tail-slap the yak.
The yak is almost dead.
The yak gores you.
* * * LOW HITPOINT WARNING * * *
The yak gores you but does no damage.
You barely miss the yak.
The yak is almost dead.
The yak barely misses you. The yak gores you but does no damage.
You barely miss the yak.
You tail-slap the yak, but do no damage.
The yak is almost dead.
The yak gores you but does no damage. The yak barely misses you.
You completely miss the yak.
The yak is almost dead.
The yak gores you!
* * * LOW HITPOINT WARNING * * *
The yak gores you but does no damage.
You hit the yak but do no damage. You tail-slap the yak.
The yak is almost dead.
The yak gores you but does no damage. x2
You hit the yak but do no damage.
Your tail-slap misses the yak.
You punch the yak.
You kill the yak!
Okawaru accepts your kill. The yak gores you!
* * * LOW HITPOINT WARNING * * *
You hit the orc priest.
The orc priest is moderately wounded.
The yak gores you.
You die...

#####.....####.......#
### #...##### ##...#
## #..<.# .# #....# .#
#....# .#
#########.#.## ##
#.........#o#####
#.....)..#..@...#
#.....[..#.Y....#
####........#......#
##...........#......#
...#..##....##......#
#####....##.........#
###......#......#
##.##..##.#####
########.##...#.#


You could see a yak and an orc priest.

Vanquished Creatures
  A two-headed ogre (D:9)
  Joseph (D:7)
  A kobold demonologist (D:7)
  4 yaks (D:9)
  Sigmund (D:3)
  5 steam dragons
  3 water moccasins
  An ice beast (D:5)
  3 black bears
  2 orc warriors
  An ogre (D:7)
  A centaur (D:7)
  A phantom (D:6)
  A gnoll sergeant (D:6)
  2 kobold brigands (D:7)
  4 necrophages
  7 bullfrogs
  A scorpion (D:5)
  4 howler monkeys
  Crazy Yiuf (D:5)
  8 orc priests
  A jelly (D:6)
  9 orc wizards
  4 iguanas
  11 gnolls
  7 adders
  A shadow imp (D:6)
  An ufetubus (D:7)
  A dart slug (D:3)
  26 orcs
  4 ball pythons
  7 endoplasms
  4 giant cockroaches
  10 goblins
  14 hobgoblins
  5 quokkas
  6 bats
  4 frilled lizards
  3 kobolds
  5 rats
176 creatures vanquished.

Vanquished Creatures (others)
  A wizard (D:6)
  An orc wizard (D:5)
  3 fungi (D:5)
  A plant (D:2)
6 creatures vanquished.

Grand Total: 182 creatures vanquished

Notes
Turn   | Place    | Note
-------+----------+-------------------------------------------
     0 | D:1      | cforsyth the Armataur Gladiator began the quest for the
                  | Orb.
     0 | D:1      | Reached XP level 1. HP: 18/18 MP: 1/1
   280 | D:1      | Reached skill level 1 in Armour
   280 | D:1      | Reached XP level 2. HP: 25/25 MP: 2/2
   640 | D:2      | Reached XP level 3. HP: 5/31 MP: 3/3
   923 | D:2      | Reached skill level 2 in Armour
  1109 | D:2      | Reached XP level 4. HP: 27/39 MP: 4/4
  1693 | D:3      | Noticed a necrophage
  1708 | D:3      | Killed a necrophage
  1709 | D:3      | Reached skill level 3 in Armour
  1709 | D:3      | Reached XP level 5. HP: 30/48 MP: 5/5
  1781 | D:3      | Noticed Sigmund
  1804 | D:3      | HP: 2/48 [something (10)]
  2004 | D:3      | Killed Sigmund
  2005 | D:3      | Reached skill level 4 in Armour
  2005 | D:3      | Reached XP level 6. HP: 36/55 MP: 6/6
  2453 | D:3      | Found a burning altar of Makhleb.
  2673 | D:4      | Found a runed translucent gate.
  2673 | D:4      | Found a runed translucent gate.
  2673 | D:4      | Found a runed translucent gate.
  2673 | D:4      | Noticed Zonian's ghost (amateur DjIE)
  2673 | D:4      | Noticed an acid dragon
  2818 | D:4      | Found a glowing silver altar of Zin.
  3081 | D:5      | Entered Level 5 of the Dungeon
  3110 | D:5      | Found a runed translucent door.
  3111 | D:5      | Noticed Crazy Yiuf
  3338 | D:5      | Reached skill level 5 in Armour
  3338 | D:5      | Reached XP level 7. HP: 62/63 MP: 7/7
  3527 | D:5      | Reached skill level 5 in Maces & Flails
  3748 | D:5      | Noticed a steam dragon
  3749 | D:5      | Noticed a steam dragon
  3762 | D:5      | Killed a steam dragon
  3763 | D:5      | Reached skill level 5 in Fighting
  3763 | D:5      | Reached skill level 6 in Armour
  4021 | D:5      | Found a sparkling altar of Nemelex Xobeh.
  4037 | D:5      | Reached XP level 8. HP: 51/72 MP: 8/8
  4591 | D:5      | Killed Crazy Yiuf
  4914 | D:5      | Reached skill level 7 in Armour
  5178 | D:6      | Reached skill level 8 in Armour
  5178 | D:6      | Reached XP level 9. HP: 42/83 MP: 9/9
  5473 | D:6      | Found a bloodstained altar of Trog.
  5476 | D:6      | Noticed a wizard
  5480 | D:6      | Killed a wizard
  5835 | D:7      | Noticed Joseph
  5857 | D:7      | Killed Joseph
  5951 | D:7      | You fall into a shaft and drop 3 floors!
  5951 | D:10     | Entered Level 10 of the Dungeon
  6018 | D:10     | Found a staircase to the Lair.
  6018 | D:10     | Noticed an elephant
  6068 | D:8      | Reached skill level 9 in Armour
  6403 | D:8      | HP: 1/84 [orc priest/divine providence (11)]
  6998 | D:9      | Found an iron altar of Okawaru.
  7201 | D:7      | Found a staircase to the Ecumenical Temple.
  7238 | D:7      | Noticed a kobold demonologist
  7242 | D:7      | Noticed a sun demon
  7256 | Temple   | Entered the Ecumenical Temple
  7275 | D:7      | Killed a kobold demonologist
  7276 | D:7      | Reached XP level 10. HP: 47/94 MP: 10/10
  7279 | D:7      | Reached skill level 10 in Armour
  7420 | D:7      | Found a hide-covered altar of Uskayaw.
  7713 | D:9      | Became a worshipper of Warmaster Okawaru
  7882 | D:9      | Found an ancient bone altar of Kikubaaqudgha.
  7882 | D:9      | Found a basalt altar of Yredelemnul.
  7883 | D:9      | Found a snail-covered altar of Cheibriados.
  7913 | D:9      | Noticed a two-headed ogre
  7925 | D:9      | Killed a two-headed ogre
  8184 | D:9      | Reached * piety under Okawaru
  8196 | D:9      | HP: 4/96 [yak (7)]
  8197 | D:9      | Slain by a yak

Illustrated notes

Levels and vault maps discovered:
D:1:      scummos_arrival_simple_fountains, layout_rooms, grunt_decor_cap
D:2:      kennysheep_six_static_rooms, layout_loops_ring, nicolae_grassy_gnolls
D:3:      layout_basic, nicolae_overflow_hidden_temple, minmay_between,
          uniq_sigmund
D:4:      cheibrodos_greedy_goblins, layout_basic, mainiacjoe_overflow_catwalk,
          gammafunk_ghost_split
D:5:      kennysheep_steamy, layout_basic, mainiacjoe_overflow_alcove_4,
          serial_rivers, chequers_serial_rivers_small_b,
          chequers_serial_rivers_room_a, chequers_serial_rivers_micro_c,
          chequers_serial_rivers_micro_b, uniq_crazy_yiuf_cottage
D:6:      layout_loops_ring, trog_wizard
D:7:      layout_rooms, mainiacjoe_overflow_tiny_flanked,
          minmay_temple_entry_large_hall, kennysheep_decorative_pillar,
          uniq_joseph
D:8:      layout_cave_pools
D:9:      layout_basic, okawaru_trees_2, nicolae_overflow_quartered_altars,
          corexii_corridor_pit
D:10:     layout_roguey, david_lair_generic, enter_bailey_6, serial_rivers,
          chequers_serial_rivers_micro_d, chequers_serial_rivers_small_b,
          chequers_serial_rivers_micro_a, chequers_serial_rivers_large_b
Temple:   hc_temple_tempest_star

Skill      XL: |  1  2  3  4  5  6  7  8  9 10 |
---------------+-------------------------------+-----
Fighting       | 2 3 4 5 6 7 8 |  8.5
Armour         | 1 2 3 4 5 6 8 9 10 | 10.7
Maces & Flails | 3 4 5 6 8 |  8.8
Throwing       | |  1.7
Dodging        | |  2.1

Action                   |  1- 3 |  4- 6 |  7- 9 | 10-12 || total
-------------------------+-------+-------+-------+-------++-------
Melee: Flail             |   107 |   177 |   294 |    63 ||   641
       Tailslap          |     9 |    15 |    40 |    16 ||    80
       Punch             |       |       |     1 |     2 ||     3
  Use: Potion            |       |     1 |     1 |       ||     2
       Scroll            |       |       |    12 |       ||    12
Armor: Leather armour    |    45 |    50 |       |       ||    95
       Chain mail        |       |    43 |   124 |       ||   167
       Plate armour      |       |       |   283 |    57 ||   340
Dodge: Dodged            |    62 |    90 |   204 |    32 ||   388

Table legend: (Time is in decaauts)
 A = Elapsed time spent in this place.
 B = Non-inter-level travel time spent in this place.
 C = Inter-level travel time spent in this place.
 D = Time resting spent in this place.
 E = Time spent auto-exploring this place.
 F = Levels seen in this place.
 G = Mean time per level.
                   A        B        C        D        E       F      G
               +--------+--------+--------+--------+--------+-----+--------+
         Total |   8296 |   7933 |    363 |   1328 |   5062 |  11 |  754.2 |
       Dungeon |   8289 |   7926 |    363 |   1323 |   5062 |  10 |  828.9 |
        Temple |      6 |      6 |      0 |      5 |      0 |   1 |    6.0 |
               +--------+--------+--------+--------+--------+-----+--------+

Top non-repeatable levels by time:
     D:5: 1900 daAuts
     D:2: 1267 daAuts
     D:8: 963 daAuts
     D:3: 896 daAuts
     D:6: 881 daAuts
     D:7: 806 daAuts
     D:9: 503 daAuts
     D:4: 492 daAuts
     D:1: 483 daAuts
    D:10: 94 daAuts
  Temple: 6 daAuts
